 Dungeon Crawl Stone Soup version 0.28.0-47-ge53b351184 (webtiles) character file.

Game seed: 7254741478807950542

199 Exodus22XD the Chopper (level 5, -7/47 HPs)
             Began as a Hill Orc Monk on May 7, 2022.
             Mangled by Grinder (8 damage)
             ... on level 3 of the Dungeon.
             The game lasted 00:04:19 (3474 turns).

Exodus22XD the Chopper (Hill Orc Monk)              Turns: 3474, Time: 00:04:20

Health: -7/47      AC:  6    Str: 16    XL:     5   Next: 77%
Magic:  5/5        EV:  9    Int: 10    God:
Gold:   118        SH:  4    Dex: 13    Spells: 4/4 levels left

rFire   . . .      SeeInvis .   a - +1 hand axe
rCold   . . .      Faith    .   c - +0 buckler
rNeg    . . .      Spirit   .   j - +0 scale mail
rPois   .          Reflect  .   (no helmet)
rElec   .          Harm     .   (no cloak)
rCorr   .          Rampage  .   (no gloves)
Will    .....                   (no boots)
Stlth   ..........              (no amulet)
HPRegen 0.15/turn               (no ring)
MPRegen 0.09/turn               (no ring)

@: attractive
A: no striking features
a: no special abilities


You were on level 3 of the Dungeon.
You visited 1 branch of the dungeon, and saw 3 of its levels.
You also visited: Sewer.

You collected 118 gold pieces.

Inventory:

Hand Weapons
 a - a +1 hand axe (weapon)
 p - a +1 whip of venom
Armour
 c - a +0 buckler (worn)
 j - a +0 scale mail (worn)
Scrolls
 d - a scroll of fear {unknown}
 f - a scroll of enchant armour {unknown}
 g - 2 scrolls of amnesia {unknown}
 k - a scroll of torment {unknown}
 l - 3 scrolls of enchant weapon
 m - a scroll of teleportation {unknown}
 n - a scroll of summoning {unknown}
 q - 2 scrolls of noise {unknown}
 r - a scroll of identify {unknown}
Potions
 b - a potion of invisibility {unknown}
 e - a potion of attraction
 h - a potion of lignification {unknown}
 i - a potion of flight {unknown}
 o - 2 potions of haste


   Skills:
 + Level 4.5 Fighting
 + Level 5.6 Axes
 * Level 3.3 Armour
 - Level 2.4 Dodging
 - Level 1.5 Stealth
 * Level 2.0 Shields


You had 4 spell levels left.
You didn't know any spells.
Your spell library was empty.

Dungeon Overview and Level Annotations

Branches:
Dungeon (3/15)              Sewer (visited)

Altars:
Vehumet

Shops:
D:3 *

Annotations:
D:3 Grinder


Message History

You can move again.
Okay, then.
You hit Grinder.
Grinder is lightly wounded.
You block Grinder's attack.
You barely miss Grinder.
Grinder is lightly wounded.
Grinder hits you.
You writhe in agony.
* * * LOW HITPOINT WARNING * * *
You closely miss Grinder.
Grinder is lightly wounded.
Grinder gestures at you.
You barely resist. You hit Grinder but do no damage.
Grinder is lightly wounded.
Grinder says, "Tell me all your secrets, or I'll kill you."
Grinder barely misses you.
Okay, then.
As you read the scroll labelled SEUSHR ODUPPUD DUT, it crumbles to dust.
It is a scroll of enchant weapon.
Your +0 hand axe glows red for a moment.
Grinder hits you but does no damage.
You barely miss Grinder.
Grinder is lightly wounded.
Grinder barely misses you.
You barely miss Grinder.
Grinder is lightly wounded.
Grinder hits you.
* * * LOW HITPOINT WARNING * * *
You hit Grinder but do no damage.
Grinder is lightly wounded.
Grinder grins, showing sharp teeth.
Grinder gestures at you. Pain shoots through your body!
* * * LOW HITPOINT WARNING * * *
Okay, then.
It was a potion of attraction.
You feel attractive to monsters. Grinder hits you!
You die...

#.# #)##. #.# ##.##.
########.####...#.
#.................
#.####.#######.###...##
#.............# ##.##
#.####.######### #)#
#.# #######.# #@#
........# .$....5.#
.######## .........
#######.## #.# #.# .?#
#.#


You could see Grinder.

Vanquished Creatures
  Pargi (Sewer)
  3 adders
  3 worms
  5 orcs
  7 endoplasms
  3 giant cockroaches
  4 goblins
  4 hobgoblins
  7 kobolds
  5 quokkas
  5 ball pythons
  8 bats
  2 frilled lizards
  3 rats (D:1)
60 creatures vanquished.

Notes
Turn   | Place    | Note
-------+----------+-------------------------------------------
     0 | D:1      | Exodus22XD the Hill Orc Monk began the quest for the Orb.
     0 | D:1      | Reached XP level 1. HP: 19/19 MP: 1/1
   229 | D:1      | Reached XP level 2. HP: 27/27 MP: 2/2
   591 | D:1      | Reached skill level 1 in Armour
  1028 | D:1      | Reached XP level 3. HP: 32/33 MP: 3/3
  1225 | D:1      | Reached skill level 1 in Shields
  1892 | D:2      | Reached XP level 4. HP: 21/40 MP: 4/4
  2084 | D:2      | Reached skill level 5 in Axes
  2778 | D:3      | Found Wofif's Assorted Antiques.
  2841 | D:3      | Found a glowing drain.
  2950 | Sewer    | Entered a sewer
  3036 | Sewer    | Noticed Pargi
  3053 | Sewer    | Killed Pargi
  3054 | Sewer    | Reached XP level 5. HP: 19/47 MP: 5/5
  3299 | D:3      | Found a radiant altar of Vehumet.
  3456 | D:3      | Noticed Grinder
  3462 | D:3      | Paralysed by Grinder for 4 turns
  3473 | D:3      | HP: 1/47 [Grinder/nerve-wracking pain (11)]
  3474 | D:3      | Mangled by Grinder

Illustrated notes

Levels and vault maps discovered:
D:1:      dpeg_arrival_rooms_a, layout_loops_corners, minmay_pentomino_v2
D:2:      layout_rooms, chequers_serial_rivers_micro_b, minmay_3d_cube
D:3:      layout_loops_ring, mainiacjoe_overflow_catwalk, serial_shops,
          nicolae_shop_behind_doors, nicolae_lakefront_shop, shop, shop,
          portal_sewer_entry_f, minmay_rat_hole, uniq_grinder

Skill      XL: |  1  2  3  4 |
---------------+-------------+-----
Fighting       | 4 |  4.5
Armour         | 1 3 |  3.3
Shields        | 1 2 |  2.0
Axes           | 5 |  5.6
Dodging        | |  2.4
Stealth        | |  1.5

Action                   |  1- 3 |  4- 6 || total
-------------------------+-------+-------++-------
Melee: Hand axe          |   138 |    95 ||   233
       Whip              |       |    13 ||    13
  Use: Scroll            |       |     1 ||     1
       Potion            |       |     1 ||     1
 Stab: Sleeping          |    10 |       ||    10
Armor: Leather armour    |    24 |       ||    24
       Scale mail        |    10 |    49 ||    59
Dodge: Dodged            |    84 |    37 ||   121
Block: Buckler           |    16 |    23 ||    39
